Senators vs Patriotes
Created - 26 décembre 2016 at 19:00
Goals
|
| Senators |
1 |
1 |
2 |
4 |
| Patriotes |
1 |
0 |
2 |
3 |
|
Shots
|
| Senators |
9 |
13 |
11 |
33 |
| Patriotes |
19 |
6 |
8 |
33 |
|
1st period
1. Senators , Nick Bjugstad 3 (Gabriel Bourque, Logan Stephenson) at 19:05
2. Patriotes , Mattias Weinhandl 17 (Fedor Fedorov, Melker Karlsson) at 19:55
Penalties :
Stanislav Chistov (BIN) for Holding (Minor) at 2:02, Brett Skinner (Nyc) for Hooking (Minor) at 5:28
2nd period
3. Senators , Sergei Kostitsyn 18 (Stanislav Chistov, Cody Hodgson) at 4:52
Penalties :
Gabriel Bourque (BIN) for Hooking (Minor) at 11:57, Josh Hennessy (BIN) for Tripping (Minor) at 14:39
3rd period
4. Senators , Gabriel Bourque 7 (Matt Frattin, Arturs Kulda) at 2:05
5. Senators , Nick Bjugstad 4 (Martin Marincin, Marc Denis) at 6:00
6. Patriotes , Lauri Tukonen 4 (Anthony Bitetto) at 8:51
7. Patriotes , Melker Karlsson 10 (Brett Skinner, Tom Preissing) at 9:40
Penalties :
Stanislav Chistov (BIN) for Hooking (Minor) at 12:04, Fedor Fedorov (Nyc) for Hooking (Minor) at 16:46
Goalie Stats
Marc Denis (BIN), 30 saves from 33 shots - (0,909), W, 4-6-1, 60:00 minutes
Marek Schwarz (Nyc), 29 saves from 33 shots - (0,879), L, 8-12-0, 59:29 minutes
Players Stats for Senators
Player Name G A P +/- PIM S H SB GA TA FO MP PP MP PK MP
------------------------------------------------------------------------------------
Andy Hilbert 0 0 0 0 0 2 2 2 0 1 1/1 13:12 1:48 4:19
Arturs Kulda 0 1 1 0 0 1 1 2 0 1 0/0 20:15 1:28 3:05
Cody Hodgson 0 1 1 0 0 1 3 1 0 1 15/30 20:11 2:10 2:41
Gabriel Bourque 1 1 2 2 2 5 1 0 0 0 0/0 14:13 0:00 0:37
Jack Skille 0 0 0 -1 0 4 1 0 0 0 0/0 13:58 1:48 0:00
Jaden Schwartz 0 0 0 -1 0 3 3 1 1 0 1/2 13:57 0:00 0:33
Josh Hennessy 0 0 0 -1 2 2 2 0 0 1 3/9 13:58 1:48 0:00
Logan Stephenson 0 1 1 0 0 0 0 3 0 2 0/0 29:04 2:30 4:51
Marc-André Bernier 0 0 0 0 0 0 0 0 1 0 0/0 7:03 0:00 0:00
Mark Olver 0 0 0 0 0 1 2 0 0 0 1/2 10:25 0:00 2:08
Martin Marincin 0 1 1 1 0 1 0 2 0 0 0/0 10:41 0:00 0:00
Matt Frattin 0 1 1 2 0 2 0 2 1 0 0/1 12:17 0:00 0:00
Milan Jurcina 0 0 0 0 0 0 1 1 0 0 0/0 29:04 2:30 4:51
Nick Bjugstad 2 0 2 2 0 3 2 1 0 0 2/8 12:28 0:00 0:11
Patrick Wey 0 0 0 1 0 0 1 0 0 0 0/0 10:41 0:00 0:00
Sergei Kostitsyn 1 0 1 0 0 4 1 2 0 1 3/7 21:46 2:10 4:19
Shane Sims 0 0 0 0 0 2 0 1 0 0 0/0 20:15 1:28 3:05
Stanislav Chistov 0 1 1 0 4 2 4 0 0 0 2/2 18:32 2:10 1:04
Players Stats for Patriotes
Player Name G A P +/- PIM S H SB GA TA FO MP PP MP PK MP
------------------------------------------------------------------------------------
Andrew Gordon 0 0 0 -1 0 6 2 0 0 0 0/0 22:56 4:28 2:05
Anthony Bitetto 0 1 1 1 0 0 0 0 0 0 0/0 3:49 0:00 0:00
Austin Watson 0 0 0 0 0 0 0 0 0 0 0/0 9:27 0:00 0:34
Brett Skinner 0 1 1 0 2 5 3 0 1 0 0/0 24:49 4:47 1:10
Fedor Fedorov 0 1 1 0 2 0 1 1 0 0 0/0 15:27 3:28 0:44
Jared Knight 0 0 0 0 0 0 2 0 0 0 4/4 8:29 0:00 0:00
Joe Charlebois 0 0 0 -1 0 1 1 0 0 2 0/0 20:30 3:09 1:44
Jordie Benn 0 0 0 -1 0 0 2 0 1 0 0/0 10:52 0:00 1:04
Lauri Tukonen 1 0 1 0 0 3 0 0 1 0 0/1 11:58 0:00 0:00
Matt Calvert 0 0 0 0 0 1 0 0 1 0 0/0 11:58 0:00 0:00
Mattias Weinhandl 1 0 1 0 0 5 1 0 0 0 1/4 15:39 3:28 1:19
Melker Karlsson 1 1 2 0 0 3 1 0 0 0 5/11 14:19 3:28 0:00
Nigel Williams 0 0 0 -1 0 0 1 1 0 0 0/0 9:47 0:00 0:00
Robbie Russo 0 0 0 0 0 0 0 0 0 0 0/0 0:00 0:00 0:00
Ryan Spooner 0 0 0 0 0 0 3 0 0 0 4/6 12:36 0:00 0:14
Stephen Johns 0 0 0 1 0 2 0 0 0 0 0/0 3:49 0:00 0:00
Timothy Kunes 0 0 0 -1 0 0 0 1 0 1 0/0 20:30 3:09 1:44
Tom Preissing 0 1 1 0 0 0 1 1 1 0 0/0 25:54 4:47 2:14
Tomas Kurka 0 0 0 -1 0 4 1 0 2 0 2/3 23:00 4:28 2:09
Zack Stortini 0 0 0 0 0 0 1 0 0 0 0/0 9:20 0:00 0:51
Zenon Konopka 0 0 0 -1 0 3 0 0 0 0 18/33 20:51 4:28 0:00
3 Stars
1 - Nick Bjugstad (BIN)
2 - Gabriel Bourque (BIN)
3 - Melker Karlsson (Nyc)
Power Play
Senators - 0 on 2 Attempt(s) - 0,00%
Patriotes - 0 on 4 Attempt(s) - 0,00%
Penalty Kill
Senators - 4 on 4 Attempt(s) - 100,00%
- Score 0 goal in Penalty Kill
Patriotes - 2 on 2 Attempt(s) - 100,00%
- Score 0 goal in Penalty Kill
Team Stat
Senators - Hits : 24 - Faceoff Wins : 28 - Blocked Shots : 18 - Penalty Minutes : 8
Patriotes - Hits : 20 - Faceoff Wins : 34 - Blocked Shots : 4 - Penalty Minutes : 4
Official
Referees : Auger Stephane and Sutherland Kelly
Linesman : Mark Shewchyk and Brian Murphy
Game Notes
No Game Note
Finance
Level 1 -- Attendance: 1419 (70,95%) -- Ticket Income 49 665 $
Level 2 -- Attendance: 677 (67,70%) -- Ticket Income 10 155 $
Total Attendance: 2096 (69,87%)
Total Ticket Income: 59 820 $
Other Income: 2 991 $
Total Income: 62 811 $
Senators
5 vs 5 Forward
Center Left Wing Right Wing Time % Phy DF OF
1 Cody Hodgson Sergei Kostitsyn Stanislav Chistov 40 1 2 2
2 Josh Hennessy Jaden Schwartz Jack Skille 30 1 2 2
3 Nick Bjugstad Gabriel Bourque Matt Frattin 20 1 2 2
4 Mark Olver Andy Hilbert Marc-André Bernier 10 1 2 2
5 vs 5 Defense
Defense Defense Time % Phy DF OF
1 Logan Stephenson Milan Jurcina 40 1 2 2
2 Arturs Kulda Shane Sims 30 1 2 2
3 Patrick Wey Martin Marincin 20 1 2 2
4 Logan Stephenson Milan Jurcina 10 1 2 2
PowerPlay Forward
Center Left Wing Right Wing Time % Phy DF OF
1 Cody Hodgson Sergei Kostitsyn Stanislav Chistov 60 0 2 3
2 Josh Hennessy Andy Hilbert Jack Skille 40 0 2 3
PowerPlay Defense
Defense Defense Time % Phy DF OF
1 Logan Stephenson Milan Jurcina 60 1 2 2
2 Arturs Kulda Shane Sims 40 1 2 2
Penalty Kill 4 Players Forward
Center Wing Time % Phy DF OF
1 Sergei Kostitsyn Andy Hilbert 60 1 2 2
2 Cody Hodgson Stanislav Chistov 40 1 2 2
Penalty Kill 4 Players Defense
Defense Defense Time % Phy DF OF
1 Logan Stephenson Milan Jurcina 60 1 2 2
2 Arturs Kulda Shane Sims 40 1 2 2
Penalty Kill - 3 Players Forward
Forward Time % Phy DF OF
1 Sergei Kostitsyn 60 1 2 2
2 Andy Hilbert 40 1 2 2
Penalty Kill - 3 Players Defense
Defense Defense Time % Phy DF OF
1 Logan Stephenson Milan Jurcina 60 1 2 2
2 Arturs Kulda Shane Sims 40 1 2 2
4 vs 4 Forward
Center Wing Time % Phy DF OF
1 Sergei Kostitsyn Andy Hilbert 60 1 2 2
2 Cody Hodgson Stanislav Chistov 40 1 2 2
4 vs 4 Defense
Defense Defense Time % Phy DF OF
1 Logan Stephenson Milan Jurcina 60 1 2 2
2 Arturs Kulda Shane Sims 40 1 2 2
Last Minutes Offensive
Center Left Wing Right Wing Defense Defense
Cody Hodgson Sergei Kostitsyn Stanislav Chistov Logan Stephenson Milan Jurcina
Last Minutes Defensive
Center Left Wing Right Wing Defense Defense
Cody Hodgson Sergei Kostitsyn Stanislav Chistov Logan Stephenson Milan Jurcina
Goaltenders
Starting : Marc Denis
Backup : Jeff Frazee
Extra Forwards
Normal : Jaden Schwartz, Gabriel Bourque, Mark Olver - PP : Jaden Schwartz, Gabriel Bourque - PK : Mark Olver
Extra Defensemen
Normal : Patrick Wey, Martin Marincin, Arturs Kulda - PP : Patrick Wey - PK : Martin Marincin, Arturs Kulda
Penalty Shots
Sergei Kostitsyn, Andy Hilbert, Cody Hodgson, Stanislav Chistov, Josh Hennessy
Patriotes
5 vs 5 Forward
Center Left Wing Right Wing Time % Phy DF OF
1 Zenon Konopka Tomas Kurka Andrew Gordon 40 1 2 2
2 Melker Karlsson Fedor Fedorov Mattias Weinhandl 30 1 2 2
3 Ryan Spooner Matt Calvert Lauri Tukonen 20 1 2 2
4 Jared Knight Austin Watson Zack Stortini 10 1 2 2
5 vs 5 Defense
Defense Defense Time % Phy DF OF
1 Tom Preissing Brett Skinner 40 1 2 2
2 Joe Charlebois Timothy Kunes 30 1 2 2
3 Jordie Benn Nigel Williams 20 1 2 2
4 Anthony Bitetto Stephen Johns 10 1 2 2
PowerPlay Forward
Center Left Wing Right Wing Time % Phy DF OF
1 Zenon Konopka Tomas Kurka Andrew Gordon 60 1 2 2
2 Melker Karlsson Fedor Fedorov Mattias Weinhandl 40 1 2 2
PowerPlay Defense
Defense Defense Time % Phy DF OF
1 Tom Preissing Brett Skinner 60 1 2 2
2 Joe Charlebois Timothy Kunes 40 1 2 2
Penalty Kill 4 Players Forward
Center Wing Time % Phy DF OF
1 Tomas Kurka Andrew Gordon 60 1 2 2
2 Mattias Weinhandl Fedor Fedorov 40 1 2 2
Penalty Kill 4 Players Defense
Defense Defense Time % Phy DF OF
1 Tom Preissing Brett Skinner 60 1 2 2
2 Joe Charlebois Timothy Kunes 40 1 2 2
Penalty Kill - 3 Players Forward
Forward Time % Phy DF OF
1 Tomas Kurka 60 1 2 2
2 Andrew Gordon 40 1 2 2
Penalty Kill - 3 Players Defense
Defense Defense Time % Phy DF OF
1 Tom Preissing Brett Skinner 60 1 2 2
2 Joe Charlebois Timothy Kunes 40 1 2 2
4 vs 4 Forward
Center Wing Time % Phy DF OF
1 Tomas Kurka Andrew Gordon 60 1 2 2
2 Mattias Weinhandl Fedor Fedorov 40 1 2 2
4 vs 4 Defense
Defense Defense Time % Phy DF OF
1 Tom Preissing Brett Skinner 60 1 2 2
2 Joe Charlebois Timothy Kunes 40 1 2 2
Last Minutes Offensive
Center Left Wing Right Wing Defense Defense
Zenon Konopka Tomas Kurka Andrew Gordon Tom Preissing Brett Skinner
Last Minutes Defensive
Center Left Wing Right Wing Defense Defense
Zenon Konopka Tomas Kurka Andrew Gordon Tom Preissing Brett Skinner
Goaltenders
Starting : Marek Schwarz
Backup : Jason Missiaen
Extra Forwards
Normal : Matt Calvert, Lauri Tukonen, Zack Stortini - PP : Matt Calvert, Lauri Tukonen - PK : Zack Stortini
Extra Defensemen
Normal : Robbie Russo, Jordie Benn, Nigel Williams - PP : Robbie Russo - PK : Jordie Benn, Nigel Williams
Penalty Shots
Tomas Kurka, Andrew Gordon, Mattias Weinhandl, Fedor Fedorov, Matt Calvert
% Time on Ice - Senators
Lines # - Real PCT - Wanted PCT - Time Play
Normal Forward
1 - 33% - 40% - 15:17
2 - 26% - 30% - 12:15
3 - 26% - 20% - 12:17
4 - 15% - 10% - 7:03
Normal Defense
1 - 38% - 40% - 17:48
2 - 33% - 30% - 15:42
3 - 23% - 20% - 10:41
4 - 6% - 10% - 2:41
PP Forward
1 - 55% - 60% - 2:10
2 - 45% - 40% - 1:48
PP Defense
1 - 63% - 60% - 2:30
2 - 37% - 40% - 1:28
PK Forward
1 - 66% - 60% - 5:15
2 - 34% - 40% - 2:41
PK Defense
1 - 61% - 60% - 4:51
2 - 39% - 40% - 3:05
PK3 Forward
1 - 0% - 60%
2 - 0% - 40%
PK3 Defense
1 - 0% - 60%
2 - 0% - 40%
44 Forward
1 - 0% - 60%
2 - 0% - 40%
44 Defense
1 - 0% - 60%
2 - 0% - 40%
Last Minute Offensive - 0:00
Last Minute Defensive - 1:14
Total
Forward - 60:00
Defense - 60:00
|
% Time on Ice - Patriotes
Lines # - Real PCT - Wanted PCT - Time Play
Normal Forward
1 - 34% - 40% - 15:57
2 - 23% - 30% - 10:52
3 - 25% - 20% - 11:58
4 - 18% - 10% - 8:29
Normal Defense
1 - 38% - 40% - 18:03
2 - 33% - 30% - 15:37
3 - 21% - 20% - 9:47
4 - 8% - 10% - 3:49
PP Forward
1 - 56% - 60% - 4:28
2 - 44% - 40% - 3:28
PP Defense
1 - 60% - 60% - 4:47
2 - 40% - 40% - 3:09
PK Forward
1 - 67% - 60% - 2:39
2 - 33% - 40% - 1:19
PK Defense
1 - 56% - 60% - 2:14
2 - 44% - 40% - 1:44
PK3 Forward
1 - 0% - 60%
2 - 0% - 40%
PK3 Defense
1 - 0% - 60%
2 - 0% - 40%
44 Forward
1 - 0% - 60%
2 - 0% - 40%
44 Defense
1 - 0% - 60%
2 - 0% - 40%
Last Minute Offensive - 0:50
Last Minute Defensive - 0:00
Total
Forward - 60:00
Defense - 60:00
|
Play by Play
1st period
0:01 of 1st period - Zenon Konopka wins face-off versus Cody Hodgson in neutral zone.
0:07 of 1st period - Icing by Milan Jurcina.
0:08 of 1st period - Cody Hodgson wins face-off versus Zenon Konopka in Senators zone.
0:19 of 1st period - Snap shot by Sergei Kostitsyn.
0:19 of 1st period - Stopped by Marek Schwarz with a rebound.
0:42 of 1st period - Backhand shot by Jaden Schwartz.
0:42 of 1st period - Deflect By Jack Skille.
0:42 of 1st period - Stopped by Marek Schwarz without a rebound.
0:43 of 1st period - Ryan Spooner wins face-off versus Nick Bjugstad in Patriotes zone.
1:36 of 1st period - Snap shot by Mattias Weinhandl.
1:36 of 1st period - Shot Misses the Net.
1:38 of 1st period - Slapshot by Timothy Kunes.
1:38 of 1st period - Shot Blocked by Martin Marincin.
1:40 of 1st period - Snap shot by Melker Karlsson.
1:40 of 1st period - Stopped by Marc Denis without a rebound.
1:41 of 1st period - Cody Hodgson wins face-off versus Zenon Konopka in Senators zone.
2:02 of 1st period - Minor Penalty to Stanislav Chistov for Holding.
2:03 of 1st period - Sergei Kostitsyn wins face-off versus Zenon Konopka in Senators zone.
2:11 of 1st period - Off-side.
2:12 of 1st period - Sergei Kostitsyn wins face-off versus Zenon Konopka in neutral zone.
2:43 of 1st period - Snap shot by Andrew Gordon.
2:43 of 1st period - Stopped by Marc Denis without a rebound.
2:44 of 1st period - Andy Hilbert wins face-off versus Melker Karlsson in Senators zone.
2:57 of 1st period - Slapshot by Mattias Weinhandl.
2:57 of 1st period - Stopped by Marc Denis with a rebound.
2:59 of 1st period - Slapshot by Joe Charlebois.
2:59 of 1st period - Stopped by Marc Denis with a rebound.
3:37 of 1st period - Mattias Weinhandl is hit by Mark Olver and loses puck.
4:02 of 1st period - Penalty to Stanislav Chistov is over, Stanislav Chistov is back on ice.
4:53 of 1st period - Jared Knight is hit by Mark Olver and loses puck.
5:06 of 1st period - Snap shot by Jared Knight.
5:06 of 1st period - Deflect By Arturs Kulda.
5:06 of 1st period - Shot Misses the Net.
5:06 of 1st period - Puck is out of play.
5:07 of 1st period - Zenon Konopka wins face-off versus Cody Hodgson in Senators zone.
5:10 of 1st period - Snap shot by Tomas Kurka.
5:10 of 1st period - Stopped by Marc Denis with a rebound.
5:28 of 1st period - Minor Penalty to Brett Skinner for Hooking.
5:29 of 1st period - Tomas Kurka wins face-off versus Cody Hodgson in Patriotes zone.
6:00 of 1st period - Wrist shot by Jack Skille.
6:00 of 1st period - Stopped by Marek Schwarz without a rebound.
6:01 of 1st period - Cody Hodgson wins face-off versus Mattias Weinhandl in Patriotes zone.
6:04 of 1st period - Snap shot by Sergei Kostitsyn.
6:04 of 1st period - Shot Misses the Net.
6:06 of 1st period - Snap shot by Stanislav Chistov.
6:06 of 1st period - Shot Hit the Post.
6:08 of 1st period - Snap shot by Stanislav Chistov.
6:08 of 1st period - Shot Blocked by Fedor Fedorov.
7:21 of 1st period - Andy Hilbert is hit by Jordie Benn and loses puck.
7:28 of 1st period - Penalty to Brett Skinner is over, Brett Skinner is back on ice.
8:24 of 1st period - Milan Jurcina is hit by Andrew Gordon and loses puck.
8:35 of 1st period - Slapshot by Matt Calvert.
8:35 of 1st period - Shot Hit the Post.
8:37 of 1st period - Slapshot by Tom Preissing.
8:37 of 1st period - Shot Blocked by Nick Bjugstad.
8:39 of 1st period - Snap shot by Tom Preissing.
8:39 of 1st period - Shot Misses the Net.
8:41 of 1st period - Slapshot by Brett Skinner.
8:41 of 1st period - Stopped by Marc Denis with a rebound.
8:53 of 1st period - Snap shot by Jack Skille.
8:53 of 1st period - Stopped by Marek Schwarz with a rebound.
9:01 of 1st period - Jaden Schwartz is hit by Mattias Weinhandl and loses puck.
9:34 of 1st period - Backhand shot by Tomas Kurka.
9:34 of 1st period - Stopped by Marc Denis with a rebound.
9:36 of 1st period - Wrist shot by Tomas Kurka.
9:36 of 1st period - Shot Blocked by Sergei Kostitsyn.
9:38 of 1st period - Snap shot by Timothy Kunes.
9:38 of 1st period - Shot Blocked by Martin Marincin.
9:48 of 1st period - Matt Calvert is hit by Nick Bjugstad and loses puck.
9:53 of 1st period - Wrist shot by Gabriel Bourque.
9:53 of 1st period - Stopped by Marek Schwarz with a rebound.
10:09 of 1st period - Jordie Benn is hit by Andy Hilbert.
10:39 of 1st period - Cody Hodgson is hit by Brett Skinner and loses puck.
11:18 of 1st period - Nigel Williams is hit by Cody Hodgson.
11:22 of 1st period - Nigel Williams is hit by Stanislav Chistov.
11:26 of 1st period - Logan Stephenson is hit by Nigel Williams and loses puck.
11:56 of 1st period - Icing by Jaden Schwartz.
11:57 of 1st period - Ryan Spooner wins face-off versus Nick Bjugstad in Senators zone.
12:22 of 1st period - Zenon Konopka is hit by Stanislav Chistov and loses puck.
12:33 of 1st period - Slapshot by Sergei Kostitsyn.
12:33 of 1st period - Shot Blocked by Tom Preissing.
12:39 of 1st period - Cody Hodgson is hit by Brett Skinner and loses puck.
12:58 of 1st period - Andrew Gordon is hit by Stanislav Chistov and loses puck.
13:09 of 1st period - Snap shot by Andrew Gordon.
13:09 of 1st period - Shot Blocked by Logan Stephenson.
13:11 of 1st period - Slapshot by Brett Skinner.
13:11 of 1st period - Shot Misses the Net.
13:13 of 1st period - Snap shot by Tomas Kurka.
13:13 of 1st period - Shot Blocked by Sergei Kostitsyn.
13:15 of 1st period - Slapshot by Tom Preissing.
13:15 of 1st period - Shot Blocked by Logan Stephenson.
13:17 of 1st period - Snap shot by Andrew Gordon.
13:17 of 1st period - Stopped by Marc Denis with a rebound.
13:19 of 1st period - Snap shot by Zenon Konopka.
13:19 of 1st period - Stopped by Marc Denis without a rebound.
13:20 of 1st period - Josh Hennessy wins face-off versus Melker Karlsson in Senators zone.
13:20 of 1st period - Josh Hennessy is hit by Melker Karlsson.
13:28 of 1st period - Joe Charlebois is hit by Jaden Schwartz.
13:34 of 1st period - Snap shot by Melker Karlsson.
13:34 of 1st period - Shot Misses the Net.
13:36 of 1st period - Snap shot by Melker Karlsson.
13:36 of 1st period - Stopped by Marc Denis without a rebound.
13:37 of 1st period - Nick Bjugstad wins face-off versus Ryan Spooner in Senators zone.
13:52 of 1st period - Snap shot by Matt Calvert.
13:52 of 1st period - Shot Blocked by Arturs Kulda.
14:04 of 1st period - Mattias Weinhandl is hit by Josh Hennessy and loses puck.
14:27 of 1st period - Wrist shot by Andy Hilbert.
14:27 of 1st period - Shot Misses the Net.
14:29 of 1st period - Snap shot by Mark Olver.
14:29 of 1st period - Stopped by Marek Schwarz without a rebound.
14:30 of 1st period - Cody Hodgson wins face-off versus Zenon Konopka in Patriotes zone.
14:55 of 1st period - Fedor Fedorov is hit by Patrick Wey and loses puck.
15:37 of 1st period - Wrist shot by Sergei Kostitsyn.
15:37 of 1st period - Shot Blocked by Timothy Kunes.
16:19 of 1st period - Snap shot by Jack Skille.
16:19 of 1st period - Stopped by Marek Schwarz with a rebound.
17:13 of 1st period - Wrist shot by Marc-André Bernier.
17:13 of 1st period - Shot Misses the Net.
17:15 of 1st period - Slapshot by Logan Stephenson.
17:15 of 1st period - Deflect By Andy Hilbert.
17:15 of 1st period - Shot Misses the Net.
17:15 of 1st period - Puck is out of play.
17:16 of 1st period - Zenon Konopka wins face-off versus Mark Olver in Patriotes zone.
17:21 of 1st period - Wrist shot by Andy Hilbert.
17:21 of 1st period - Stopped by Marek Schwarz with a rebound.
17:43 of 1st period - Andy Hilbert is hit by Andrew Gordon and loses puck.
17:52 of 1st period - Snap shot by Tomas Kurka.
17:52 of 1st period - Stopped by Marc Denis without a rebound.
17:53 of 1st period - Stanislav Chistov wins face-off versus Melker Karlsson in Senators zone.
18:05 of 1st period - Mattias Weinhandl is hit by Cody Hodgson and loses puck.
18:48 of 1st period - Snap shot by Matt Calvert.
18:48 of 1st period - Shot Misses the Net.
19:05 of 1st period - Snap shot by Gabriel Bourque.
19:05 of 1st period - Deflect By Nick Bjugstad.
19:05 of 1st period - Goal by Nick Bjugstad - Senators : 1 - Patriotes : 0.
19:06 of 1st period - Zenon Konopka wins face-off versus Cody Hodgson in neutral zone.
19:11 of 1st period - Snap shot by Andrew Gordon.
19:11 of 1st period - Stopped by Marc Denis without a rebound.
19:12 of 1st period - Cody Hodgson wins face-off versus Zenon Konopka in Senators zone.
19:23 of 1st period - Wrist shot by Tomas Kurka.
19:23 of 1st period - Stopped by Marc Denis without a rebound.
19:24 of 1st period - Cody Hodgson wins face-off versus Zenon Konopka in Senators zone.
19:29 of 1st period - Wrist shot by Zenon Konopka.
19:29 of 1st period - Stopped by Marc Denis without a rebound.
19:30 of 1st period - Cody Hodgson wins face-off versus Zenon Konopka in Senators zone.
19:39 of 1st period - Snap shot by Andrew Gordon.
19:39 of 1st period - Stopped by Marc Denis with a rebound.
19:41 of 1st period - Wrist shot by Andrew Gordon.
19:41 of 1st period - Stopped by Marc Denis with a rebound.
19:43 of 1st period - Wrist shot by Zenon Konopka.
19:43 of 1st period - Stopped by Marc Denis with a rebound.
19:45 of 1st period - Slapshot by Brett Skinner.
19:45 of 1st period - Stopped by Marc Denis without a rebound.
19:46 of 1st period - Mattias Weinhandl wins face-off versus Josh Hennessy in Senators zone.
19:53 of 1st period - Wrist shot by Fedor Fedorov.
19:53 of 1st period - Shot Misses the Net.
19:55 of 1st period - Snap shot by Mattias Weinhandl.
19:55 of 1st period - Goal by Mattias Weinhandl - Senators : 1 - Patriotes : 1.
19:56 of 1st period - Cody Hodgson wins face-off versus Zenon Konopka in neutral zone.
Goals for this period are 1 for Senators vs 1 for Patriotes.
Shots for this period are 9 for Senators vs 19 for Patriotes.
2nd period
0:01 of 2nd period - Cody Hodgson wins face-off versus Zenon Konopka in neutral zone.
0:15 of 2nd period - Slapshot by Stanislav Chistov.
0:15 of 2nd period - Stopped by Marek Schwarz with a rebound.
0:38 of 2nd period - Off-side.
0:39 of 2nd period - Ryan Spooner wins face-off versus Nick Bjugstad in neutral zone.
0:50 of 2nd period - Wrist shot by Matt Calvert.
0:50 of 2nd period - Stopped by Marc Denis without a rebound.
0:51 of 2nd period - Sergei Kostitsyn wins face-off versus Zenon Konopka in Senators zone.
1:03 of 2nd period - Icing by Sergei Kostitsyn.
1:04 of 2nd period - Zenon Konopka wins face-off versus Cody Hodgson in Senators zone.
1:05 of 2nd period - Snap shot by Tomas Kurka.
1:05 of 2nd period - Shot Misses the Net.
1:23 of 2nd period - Snap shot by Stanislav Chistov.
1:23 of 2nd period - Stopped by Marek Schwarz with a rebound.
1:25 of 2nd period - Snap shot by Cody Hodgson.
1:25 of 2nd period - Stopped by Marek Schwarz without a rebound.
1:26 of 2nd period - Melker Karlsson wins face-off versus Josh Hennessy in Patriotes zone.
2:17 of 2nd period - Andrew Gordon is hit by Jaden Schwartz and loses puck.
2:40 of 2nd period - Backhand shot by Sergei Kostitsyn.
2:40 of 2nd period - Shot Misses the Net.
2:47 of 2nd period - Icing by Timothy Kunes.
2:48 of 2nd period - Jared Knight wins face-off versus Nick Bjugstad in Patriotes zone.
4:02 of 2nd period - Wrist shot by Gabriel Bourque.
4:02 of 2nd period - Shot Hit the Post.
4:04 of 2nd period - Slapshot by Shane Sims.
4:04 of 2nd period - Stopped by Marek Schwarz with a rebound.
4:06 of 2nd period - Slapshot by Shane Sims.
4:06 of 2nd period - Shot Misses the Net.
4:08 of 2nd period - Snap shot by Gabriel Bourque.
4:08 of 2nd period - Stopped by Marek Schwarz with a rebound.
4:10 of 2nd period - Slapshot by Arturs Kulda.
4:10 of 2nd period - Deflect By Gabriel Bourque.
4:10 of 2nd period - Stopped by Marek Schwarz with a rebound.
4:12 of 2nd period - Wrist shot by Nick Bjugstad.
4:12 of 2nd period - Shot Misses the Net.
4:14 of 2nd period - Snap shot by Matt Frattin.
4:14 of 2nd period - Stopped by Marek Schwarz with a rebound.
4:16 of 2nd period - Slapshot by Arturs Kulda.
4:16 of 2nd period - Stopped by Marek Schwarz with a rebound.
4:30 of 2nd period - Wrist shot by Matt Frattin.
4:30 of 2nd period - Stopped by Marek Schwarz without a rebound.
4:31 of 2nd period - Cody Hodgson wins face-off versus Tomas Kurka in Patriotes zone.
4:32 of 2nd period - Slapshot by Sergei Kostitsyn.
4:32 of 2nd period - Shot Misses the Net.
4:42 of 2nd period - Slapshot by Brett Skinner.
4:42 of 2nd period - Deflect By Stanislav Chistov.
4:42 of 2nd period - Stopped by Marc Denis without a rebound.
4:43 of 2nd period - Melker Karlsson wins face-off versus Cody Hodgson in Senators zone.
4:52 of 2nd period - Slapshot by Sergei Kostitsyn.
4:52 of 2nd period - Goal by Sergei Kostitsyn - Senators : 2 - Patriotes : 1.
4:53 of 2nd period - Zenon Konopka wins face-off versus Cody Hodgson in neutral zone.
4:57 of 2nd period - Off-side.
4:58 of 2nd period - Zenon Konopka wins face-off versus Cody Hodgson in neutral zone.
5:09 of 2nd period - Snap shot by Andrew Gordon.
5:09 of 2nd period - Shot Misses the Net.
5:11 of 2nd period - Wrist shot by Andrew Gordon.
5:11 of 2nd period - Shot Blocked by Cody Hodgson.
5:13 of 2nd period - Slapshot by Tom Preissing.
5:13 of 2nd period - Shot Misses the Net.
5:31 of 2nd period - Wrist shot by Jack Skille.
5:31 of 2nd period - Shot Misses the Net.
5:33 of 2nd period - Wrist shot by Jack Skille.
5:33 of 2nd period - Deflect By Jaden Schwartz.
5:33 of 2nd period - Stopped by Marek Schwarz without a rebound.
5:34 of 2nd period - Zenon Konopka wins face-off versus Cody Hodgson in Patriotes zone.
5:43 of 2nd period - Snap shot by Sergei Kostitsyn.
5:43 of 2nd period - Stopped by Marek Schwarz with a rebound.
5:59 of 2nd period - Zenon Konopka is hit by Andy Hilbert.
6:58 of 2nd period - Off-side.
6:59 of 2nd period - Melker Karlsson wins face-off versus Josh Hennessy in neutral zone.
7:08 of 2nd period - Wrist shot by Mattias Weinhandl.
7:08 of 2nd period - Shot Hit the Post.
7:10 of 2nd period - Slapshot by Brett Skinner.
7:10 of 2nd period - Deflect By Melker Karlsson.
7:10 of 2nd period - Shot Misses the Net.
7:10 of 2nd period - Puck is out of play.
7:11 of 2nd period - Cody Hodgson wins face-off versus Melker Karlsson in Senators zone.
7:27 of 2nd period - Snap shot by Mattias Weinhandl.
7:27 of 2nd period - Shot Misses the Net.
7:46 of 2nd period - Wrist shot by Lauri Tukonen.
7:46 of 2nd period - Stopped by Marc Denis with a rebound.
7:56 of 2nd period - Jordie Benn is hit by Josh Hennessy and loses puck.
8:11 of 2nd period - Snap shot by Marc-André Bernier.
8:11 of 2nd period - Shot Misses the Net.
8:13 of 2nd period - Slapshot by Mark Olver.
8:13 of 2nd period - Shot Blocked by Nigel Williams.
8:19 of 2nd period - Wrist shot by Andy Hilbert.
8:19 of 2nd period - Stopped by Marek Schwarz without a rebound.
8:20 of 2nd period - Cody Hodgson wins face-off versus Melker Karlsson in Patriotes zone.
8:27 of 2nd period - Wrist shot by Mattias Weinhandl.
8:27 of 2nd period - Stopped by Marc Denis with a rebound.
8:35 of 2nd period - Martin Marincin is hit by Brett Skinner and loses puck.
8:46 of 2nd period - Jack Skille is hit by Tom Preissing and loses puck.
9:07 of 2nd period - Tomas Kurka is hit by Gabriel Bourque and loses puck.
9:42 of 2nd period - Matt Calvert is hit by Sergei Kostitsyn and loses puck.
11:28 of 2nd period - Jordie Benn is hit by Jack Skille and loses puck.
11:57 of 2nd period - Minor Penalty to Gabriel Bourque for Hooking.
11:58 of 2nd period - Zenon Konopka wins face-off versus Sergei Kostitsyn in Senators zone.
11:59 of 2nd period - Wrist shot by Tomas Kurka.
11:59 of 2nd period - Shot Blocked by Andy Hilbert.
13:08 of 2nd period - Tomas Kurka is hit by Milan Jurcina and loses puck.
13:57 of 2nd period - Penalty to Gabriel Bourque is over, Gabriel Bourque is back on ice.
14:06 of 2nd period - Matt Frattin is hit by Ryan Spooner and loses puck.
14:13 of 2nd period - Wrist shot by Matt Calvert.
14:13 of 2nd period - Shot Misses the Net.
14:15 of 2nd period - Slapshot by Stephen Johns.
14:15 of 2nd period - Stopped by Marc Denis with a rebound.
14:17 of 2nd period - Snap shot by Matt Calvert.
14:17 of 2nd period - Deflect By Gabriel Bourque.
14:17 of 2nd period - Shot Misses the Net.
14:17 of 2nd period - Puck is out of play.
14:18 of 2nd period - Jared Knight wins face-off versus Josh Hennessy in Senators zone.
14:21 of 2nd period - Wrist shot by Jared Knight.
14:21 of 2nd period - Shot Misses the Net.
14:23 of 2nd period - Slapshot by Stephen Johns.
14:23 of 2nd period - Shot Blocked by Jaden Schwartz.
14:25 of 2nd period - Slapshot by Stephen Johns.
14:25 of 2nd period - Stopped by Marc Denis with a rebound.
14:39 of 2nd period - Minor Penalty to Josh Hennessy for Tripping.
14:40 of 2nd period - Zenon Konopka wins face-off versus Sergei Kostitsyn in Senators zone.
14:51 of 2nd period - Snap shot by Andrew Gordon.
14:51 of 2nd period - Shot Blocked by Andy Hilbert.
15:44 of 2nd period - Off-side.
15:45 of 2nd period - Zenon Konopka wins face-off versus Cody Hodgson in neutral zone.
16:39 of 2nd period - Penalty to Josh Hennessy is over, Josh Hennessy is back on ice.
17:04 of 2nd period - Icing by Lauri Tukonen.
17:05 of 2nd period - Nick Bjugstad wins face-off versus Ryan Spooner in Patriotes zone.
18:17 of 2nd period - Logan Stephenson is hit by Joe Charlebois and loses puck.
18:34 of 2nd period - Snap shot by Timothy Kunes.
18:34 of 2nd period - Shot Blocked by Matt Frattin.
18:40 of 2nd period - Nick Bjugstad is hit by Ryan Spooner and loses puck.
19:19 of 2nd period - Snap shot by Gabriel Bourque.
19:19 of 2nd period - Shot Misses the Net.
19:21 of 2nd period - Slapshot by Milan Jurcina.
19:21 of 2nd period - Deflect By Gabriel Bourque.
19:21 of 2nd period - Shot Misses the Net.
19:21 of 2nd period - Puck is out of play.
19:22 of 2nd period - Stanislav Chistov wins face-off versus Zenon Konopka in Patriotes zone.
19:49 of 2nd period - Jaden Schwartz is hit by Fedor Fedorov and loses puck.
19:55 of 2nd period - Off-side.
19:56 of 2nd period - Josh Hennessy wins face-off versus Mattias Weinhandl in neutral zone.
Goals for this period are 1 for Senators vs 0 for Patriotes.
Shots for this period are 13 for Senators vs 6 for Patriotes.
3rd period
0:01 of 3rd period - Zenon Konopka wins face-off versus Cody Hodgson in neutral zone.
0:50 of 3rd period - Snap shot by Mattias Weinhandl.
0:50 of 3rd period - Stopped by Marc Denis with a rebound.
1:25 of 3rd period - Icing by Lauri Tukonen.
1:26 of 3rd period - Jared Knight wins face-off versus Nick Bjugstad in Patriotes zone.
1:26 of 3rd period - Jared Knight is hit by Nick Bjugstad.
1:41 of 3rd period - Nick Bjugstad is hit by Jared Knight and loses puck.
1:45 of 3rd period - Icing by Nick Bjugstad.
1:46 of 3rd period - Zenon Konopka wins face-off versus Nick Bjugstad in Senators zone.
2:05 of 3rd period - Snap shot by Gabriel Bourque.
2:05 of 3rd period - Goal by Gabriel Bourque - Senators : 3 - Patriotes : 1.
2:06 of 3rd period - Zenon Konopka wins face-off versus Sergei Kostitsyn in neutral zone.
2:13 of 3rd period - Slapshot by Andrew Gordon.
2:13 of 3rd period - Shot Misses the Net.
2:15 of 3rd period - Snap shot by Brett Skinner.
2:15 of 3rd period - Stopped by Marc Denis without a rebound.
2:16 of 3rd period - Cody Hodgson wins face-off versus Zenon Konopka in Senators zone.
2:16 of 3rd period - Cody Hodgson is hit by Tomas Kurka.
2:42 of 3rd period - Snap shot by Andrew Gordon.
2:42 of 3rd period - Shot Misses the Net.
2:44 of 3rd period - Snap shot by Tomas Kurka.
2:44 of 3rd period - Deflect By Sergei Kostitsyn.
2:44 of 3rd period - Shot Blocked by Arturs Kulda.
2:44 of 3rd period - Puck is out of play.
2:45 of 3rd period - Josh Hennessy wins face-off versus Mattias Weinhandl in Senators zone.
2:52 of 3rd period - Snap shot by Jaden Schwartz.
2:52 of 3rd period - Stopped by Marek Schwarz with a rebound.
3:10 of 3rd period - Mark Olver is hit by Ryan Spooner and loses puck.
3:17 of 3rd period - Slapshot by Matt Calvert.
3:17 of 3rd period - Shot Blocked by Milan Jurcina.
3:19 of 3rd period - Snap shot by Lauri Tukonen.
3:19 of 3rd period - Stopped by Marc Denis with a rebound.
4:03 of 3rd period - Wrist shot by Mattias Weinhandl.
4:03 of 3rd period - Stopped by Marc Denis with a rebound.
4:45 of 3rd period - Wrist shot by Lauri Tukonen.
4:45 of 3rd period - Shot Misses the Net.
4:47 of 3rd period - Slapshot by Lauri Tukonen.
4:47 of 3rd period - Shot Hit the Post.
5:49 of 3rd period - Patrick Wey is hit by Jared Knight and loses puck.
6:00 of 3rd period - Wrist shot by Nick Bjugstad.
6:00 of 3rd period - Goal by Nick Bjugstad - Senators : 4 - Patriotes : 1.
6:01 of 3rd period - Zenon Konopka wins face-off versus Cody Hodgson in neutral zone.
7:02 of 3rd period - Snap shot by Josh Hennessy.
7:02 of 3rd period - Stopped by Marek Schwarz with a rebound.
7:40 of 3rd period - Snap shot by Lauri Tukonen.
7:40 of 3rd period - Shot Blocked by Matt Frattin.
8:11 of 3rd period - Slapshot by Gabriel Bourque.
8:11 of 3rd period - Deflect By Nick Bjugstad.
8:11 of 3rd period - Deflect By Jordie Benn.
8:11 of 3rd period - Stopped by Marek Schwarz with a rebound.
8:13 of 3rd period - Snap shot by Martin Marincin.
8:13 of 3rd period - Deflect By Melker Karlsson.
8:13 of 3rd period - Stopped by Marek Schwarz with a rebound.
8:29 of 3rd period - Andy Hilbert is hit by Jordie Benn and loses puck.
8:51 of 3rd period - Snap shot by Lauri Tukonen.
8:51 of 3rd period - Goal by Lauri Tukonen - Senators : 4 - Patriotes : 2.
8:52 of 3rd period - Cody Hodgson wins face-off versus Zenon Konopka in neutral zone.
8:55 of 3rd period - Snap shot by Cody Hodgson.
8:55 of 3rd period - Shot Misses the Net.
9:06 of 3rd period - Icing by Arturs Kulda.
9:07 of 3rd period - Cody Hodgson wins face-off versus Melker Karlsson in Senators zone.
9:38 of 3rd period - Slapshot by Brett Skinner.
9:38 of 3rd period - Stopped by Marc Denis with a rebound.
9:40 of 3rd period - Wrist shot by Melker Karlsson.
9:40 of 3rd period - Goal by Melker Karlsson - Senators : 4 - Patriotes : 3.
9:41 of 3rd period - Zenon Konopka wins face-off versus Jaden Schwartz in neutral zone.
9:56 of 3rd period - Snap shot by Andrew Gordon.
9:56 of 3rd period - Stopped by Marc Denis with a rebound.
10:15 of 3rd period - Snap shot by Cody Hodgson.
10:15 of 3rd period - Shot Misses the Net.
10:17 of 3rd period - Slapshot by Stanislav Chistov.
10:17 of 3rd period - Deflect By Tom Preissing.
10:17 of 3rd period - Shot Misses the Net.
10:17 of 3rd period - Puck is out of play.
10:18 of 3rd period - Zenon Konopka wins face-off versus Cody Hodgson in Patriotes zone.
11:22 of 3rd period - Off-side.
11:23 of 3rd period - Jared Knight wins face-off versus Matt Frattin in neutral zone.
11:49 of 3rd period - Brett Skinner is hit by Stanislav Chistov and loses puck.
12:04 of 3rd period - Minor Penalty to Stanislav Chistov for Hooking.
12:05 of 3rd period - Zenon Konopka wins face-off versus Sergei Kostitsyn in Senators zone.
12:41 of 3rd period - Wrist shot by Fedor Fedorov.
12:41 of 3rd period - Shot Blocked by Logan Stephenson.
12:57 of 3rd period - Joe Charlebois is hit by Arturs Kulda.
14:04 of 3rd period - Penalty to Stanislav Chistov is over, Stanislav Chistov is back on ice.
14:23 of 3rd period - Off-side.
14:24 of 3rd period - Ryan Spooner wins face-off versus Josh Hennessy in neutral zone.
14:33 of 3rd period - Wrist shot by Matt Calvert.
14:33 of 3rd period - Shot Misses the Net.
14:35 of 3rd period - Slapshot by Jordie Benn.
14:35 of 3rd period - Shot Blocked by Shane Sims.
14:37 of 3rd period - Slapshot by Jordie Benn.
14:37 of 3rd period - Shot Misses the Net.
14:39 of 3rd period - Slapshot by Nigel Williams.
14:39 of 3rd period - Shot Misses the Net.
14:49 of 3rd period - Nigel Williams is hit by Cody Hodgson and loses puck.
14:54 of 3rd period - Wrist shot by Sergei Kostitsyn.
14:54 of 3rd period - Stopped by Marek Schwarz with a rebound.
14:56 of 3rd period - Slapshot by Shane Sims.
14:56 of 3rd period - Stopped by Marek Schwarz with a rebound.
14:58 of 3rd period - Snap shot by Cody Hodgson.
14:58 of 3rd period - Deflect By Sergei Kostitsyn.
14:58 of 3rd period - Shot Misses the Net.
14:58 of 3rd period - Puck is out of play.
14:59 of 3rd period - Melker Karlsson wins face-off versus Cody Hodgson in Patriotes zone.
15:32 of 3rd period - Snap shot by Josh Hennessy.
15:32 of 3rd period - Stopped by Marek Schwarz with a rebound.
15:41 of 3rd period - Off-side.
15:42 of 3rd period - Mark Olver wins face-off versus Lauri Tukonen in neutral zone.
16:31 of 3rd period - Icing by Arturs Kulda.
16:32 of 3rd period - Melker Karlsson wins face-off versus Josh Hennessy in Senators zone.
16:46 of 3rd period - Minor Penalty to Fedor Fedorov for Hooking.
16:47 of 3rd period - Tomas Kurka wins face-off versus Cody Hodgson in Patriotes zone.
18:40 of 3rd period - Logan Stephenson is hit by Zack Stortini and loses puck.
18:46 of 3rd period - Penalty to Fedor Fedorov is over, Fedor Fedorov is back on ice.
18:58 of 3rd period - Joe Charlebois is hit by Jaden Schwartz and loses puck.
19:09 of 3rd period - Snap shot by Gabriel Bourque.
19:09 of 3rd period - Stopped by Marek Schwarz without a rebound.
19:10 of 3rd period - Dale Hunter call a timeout for Patriotes.
19:10 of 3rd period - Jaden Schwartz wins face-off versus Zenon Konopka in Patriotes zone.
19:17 of 3rd period - Wrist shot by Jaden Schwartz.
19:17 of 3rd period - Stopped by Marek Schwarz with a rebound.
19:29 of 3rd period - Patriotes, Marek Schwarz is pulled from the net.
19:49 of 3rd period - Wrist shot by Gabriel Bourque.
19:49 of 3rd period - Shot Misses the Net.
Goals for this period are 2 for Senators vs 2 for Patriotes.
Shots for this period are 11 for Senators vs 8 for Patriotes.
Back to the Top